 Dungeon Crawl Stone Soup version 0.23-a0-49-gd9f7a49 (webtiles) character file.

6682 jjfam the Cleaver (level 10, -2/92 HPs)
             Began as a Deep Dwarf Fighter on Aug 7, 2018.
             Was a Believer of Makhleb.
             Killed from afar by an electric eel (7 damage)
             ... with a bolt of electricity
             ... on level 8 of the Dungeon.
             The game lasted 00:18:05 (6246 turns).

jjfam the Cleaver (Deep Dwarf Fighter)              Turns: 6246, Time: 00:18:05

Health: -2/92      AC: 15    Str: 27    XL:     10   Next: 73%
Magic:  6/6        EV:  9    Int: 15    God:    Makhleb [**....]
Gold:   452        SH: 13    Dex: 12    Spells: 9/9 levels left

rFire    . . .     SeeInvis .   a - +1 war axe
rCold    + . .     Gourm    .   c - +1 shield
rNeg     + . .     Faith    .   G - +0 chain mail (curse)
rPois    .         Spirit   .   b - +1 hat {Int+3}
rElec    .         Reflect  .   t - +0 cloak
rCorr    .         Harm     .   B - +0 pair of gloves
MR       ++...                  r - +0 pair of boots
Stlth    ..........             i - amulet of magic regeneration
HPRegen  0.00/turn              k - ring of protection from cold
MPRegen  0.35/turn              o - ring "Dyicant" {rN+ MR+ Str+3 Int+4}

@: non-regenerating
A: damage resistance, heal wounds, sense surroundings 2, no regeneration
a: Heal Wounds, Minor Destruction, Renounce Religion


You were on level 8 of the Dungeon.
You worshipped Makhleb.
Makhleb was pleased with you.
You were not hungry.

You visited 2 branches of the dungeon, and saw 9 of its levels.

You collected 452 gold pieces.

Inventory:

Hand Weapons
 a - a +1 war axe (weapon)
Missiles
 q - 11 javelins (quivered)
Armour
 b - a +1 hat of intelligence (worn)
 c - a +1 shield (worn)
 r - a +0 pair of boots (worn)
 t - a +0 cloak (worn)
 u - a +1 scale mail of cold resistance
 B - a +0 pair of gloves (worn)
 G - a cursed +0 chain mail (worn)
Jewellery
 i - an amulet of magic regeneration (around neck)
 k - a ring of protection from cold (left hand)
 o - the ring "Dyicant" (right hand) {rN+ MR+ Str+3 Int+4}
   (You found it on level 4 of the Dungeon)

   [ring of protection from magic]

   It affects your strength (+3).
   It affects your intelligence (+4).
   It protects you from negative energy.
   It affects your resistance to hostile enchantments.
Wands
 m - a wand of disintegration (16)
 n - a wand of flame (31)
 w - a wand of iceblast (5)
Scrolls
 g - a scroll of teleportation
 s - 2 scrolls of enchant armour
 v - 2 scrolls of remove curse
 y - a scroll of acquirement {unknown}
 z - 7 scrolls of identify
 A - a scroll of noise {unknown}
 C - a scroll of fear {unknown}
 F - a scroll of immolation {unknown}
Potions
 d - a potion of might
 e - a potion of lignification {unknown}
 h - 3 potions of invisibility
 j - 4 potions of curing
 l - 3 potions of flight
 p - 3 potions of heal wounds
 x - a potion of resistance {unknown}
 D - a potion of berserk rage {unknown}
 E - a potion of brilliance {unknown}
Comestibles
 f - 17 rations


   Skills:
 + Level 6.4 Fighting
 + Level 12.4 Axes
 - Level 1.0 Throwing
 + Level 6.9 Armour
 + Level 4.5 Dodging
 + Level 1.2 Stealth
 + Level 8.0 Shields
 + Level 1.6 Evocations


You had 9 spell levels left.
You didn't know any spells.
Your spell library contained the following spells:

 Spells                   Type           Power        Failure   Level  Hunger
 Stone Arrow              Conj/Erth      #.....       100%        3    ####...
 Passwall                 Tmut/Erth      #.......     99%         2    ###....
 Lee's Rapid Deconstruct  Erth           #.........   100%        5    ######.
 Sandblast                Erth           #.....       98%         1    ##.....
 Petrify                  Tmut/Erth      #.......     100%        4    #####..


Dungeon Overview and Level Annotations

Branches:
Dungeon (8/15)             Temple (1/1) D:7
   Lair: D:8-11

Altars:
Ashenzari
Cheibriados
Dithmenos
Elyvilon
Fedhas
Gozag
Hepliaklqana
Kikubaaqudgha
Makhleb
Nemelex Xobeh
Okawaru
Qazlal
Ru
Sif Muna
Trog
Uskayaw
Vehumet
Wu Jian
Xom
Yredelemnul
Zin

Annotations:
D:5 exclusion: worm


Innate Abilities, Weirdness & Mutations

You are resistant to damage.
You can heal yourself by infusing magical energy.
You passively map the area around you.
You do not regenerate.


Message History

You hit the plant but do no damage. You hit the plant.
The electric eel shoots out a bolt of lightning at you!
The bolt of electricity hits the electric eel.
The electric eel completely resists.
The bolt of electricity hits you!
* * * LOW HITPOINT WARNING * * *
The electric eel shoots out a bolt of lightning at you!
The bolt of electricity hits you!
* * * LOW HITPOINT WARNING * * *
The bolt of electricity hits you!
You closely miss the electric eel.
The electric eel is almost dead.
You hit the plant but do no damage. x2
The electric eel shoots out a bolt of lightning at you!
The bolt of electricity hits you!
* * * LOW HITPOINT WARNING * * *
The bolt of electricity hits you!
* * * LOW HITPOINT WARNING * * *
The electric eel shoots out a bolt of lightning at you!
The bolt of electricity hits the plant.
The bolt of electricity hits you!
You die...

........#≈##..≈.≈≈##.#...#
####....#≈#...≈..≈≈#.#...#
...#....#≈#......≈≈#.#...#
...#....#.#'..≈..≈≈#≈#...#######
...#....#..#..P).≈##≈##........#
...#....##≈##########≈##.......#
...#.....#≈≈##..P.;≈##≈#....>..#
...#.....##≈#...P;?≈≈#≈#.......#
?..#......#.#...@P;$≈#.#.......#
+###......#.#'..≈.?≈≈#.#.......#
..........#..#..P.$≈##'###.....##
..........##.########....+.......
..........#####.....#....#.......
.........>#...#.....#....#.......
..........#...#.....#....#.....#.
#.....#...#'###.....#..#.........
##...###..........###########(.#.


You could see 3 electric eels.

Vanquished Creatures
  Gastronok (D:8)
  A two-headed ogre (D:8)
  A troll (D:8)
  Grinder (D:3)
  A hippogriff (D:8)
  3 hogs (D:7)
  A steam dragon (D:8)
  A yak (D:7)
  A human (D:7)
  Duvessa (D:7)
  A water moccasin (D:8)
  2 orc warriors (D:8)
  A sky beast (D:8)
  A phantom (D:8)
  2 black bears (D:6)
  An ice beast (D:5)
  2 ogres (D:7)
  3 centaurs
  A bullfrog (D:7)
  Dowan (D:7)
  5 scorpions
  3 wights (D:7)
  3 electric eels (D:8)
  3 howler monkeys (D:7)
  3 crimson imps
  2 centaur zombies
  A bullfrog zombie (D:5)
  4 hounds
  Crazy Yiuf (D:2)
  A centaur skeleton (D:4)
  2 iguanas
  Terence (D:3)
  4 worker ants
  8 orc wizards
  8 adders
  4 gnolls (D:6)
  3 shadow imps
  2 oozes
  3 adder zombies
  5 worms
  8 leopard geckos
  26 orcs
  5 bats
  3 giant cockroaches
  9 hobgoblins
  19 jackals
  4 kobolds
  3 quokkas
  4 frilled lizards
  4 goblins
  A leopard gecko skeleton (D:4)
  8 rats
187 creatures vanquished.

Vanquished Creatures (others)
  2 plants (D:8)
2 creatures vanquished.

Grand Total: 189 creatures vanquished

Notes
Turn   | Place    | Note
-------+----------+-------------------------------------------
     0 | D:1      | jjfam the Deep Dwarf Fighter began the quest for the Orb.
     0 | D:1      | Reached XP level 1. HP: 20/20 MP: 1/1
   141 | D:1      | Reached XP level 2. HP: 21/27 MP: 2/2
   578 | D:2      | Reached XP level 3. HP: 33/33 MP: 3/3
  1257 | D:2      | Found a hazy altar of Hepliaklqana.
  1296 | D:2      | Found a runed door.
  1300 | D:2      | Noticed Crazy Yiuf
  1303 | D:2      | Killed Crazy Yiuf
  1303 | D:2      | Reached skill level 3 in Axes
  1303 | D:2      | Reached XP level 4. HP: 42/42 MP: 4/4
  1453 | D:3      | Noticed Grinder
  1467 | D:3      | Paralysed by Grinder for 4 turns
  1477 | D:3      | Killed Grinder
  1477 | D:3      | Reached skill level 4 in Axes
  1477 | D:3      | Reached skill level 1 in Dodging
  1477 | D:3      | Reached XP level 5. HP: 34/49 MP: 5/5
  1477 | D:3      | Reached XP level 6. HP: 39/56 MP: 6/6
  1499 | D:3      | Noticed Terence
  1505 | D:3      | Killed Terence
  1505 | D:3      | Reached skill level 1 in Throwing
  1705 | D:3      | Reached skill level 5 in Axes
  2369 | D:4      | Got a warped golden ring
  2370 | D:4      | Identified the ring "Dyicant" {rN+ MR+ Str+3 Int+4} (You found it on level 4 of the Dungeon)
  2657 | D:4      | Reached XP level 7. HP: 51/62 MP: 7/7
  2963 | D:4      | Reached skill level 6 in Axes
  3360 | D:5      | Entered Level 5 of the Dungeon
  3434 | D:5      | Reached skill level 5 in Armour
  3541 | D:5      | Reached skill level 7 in Axes
  3808 | D:5      | Reached XP level 8. HP: 50/72 MP: 6/6
  3816 | D:5      | Found a snail-covered altar of Cheibriados.
  3921 | D:6      | Reached skill level 8 in Axes
  4089 | D:6      | Reached skill level 1 in Stealth
  4089 | D:6      | Reached skill level 5 in Shields
  4393 | D:7      | Found a staircase to the Ecumenical Temple.
  4400 | Temple   | Entered the Ecumenical Temple
  4423 | Temple   | Became a worshipper of Makhleb the Destroyer
  4550 | D:7      | Noticed Duvessa
  4550 | D:7      | Noticed Dowan
  4558 | D:7      | Killed Duvessa
  4558 | D:7      | Reached skill level 9 in Axes
  4560 | D:7      | Killed Dowan
  4692 | D:7      | Gained mutation: You passively map the area around you. [Deep Dwarf growth]
  4692 | D:7      | Reached XP level 9. HP: 66/79 MP: 7/7
  4784 | D:7      | Found a basalt altar of Yredelemnul.
  5094 | D:7      | Reached * piety under Makhleb
  5098 | D:7      | Reached skill level 5 in Fighting
  5098 | D:7      | Reached skill level 10 in Axes
  5402 | D:8      | Noticed a two-headed ogre
  5431 | D:8      | Killed a two-headed ogre
  5431 | D:8      | Reached skill level 11 in Axes
  5436 | D:8      | Reached XP level 10. HP: 47/91 MP: 8/8
  5658 | D:8      | Reached skill level 1 in Evocations
  5812 | D:8      | Noticed Gastronok
  5836 | D:8      | Killed Gastronok
  5836 | D:8      | Reached skill level 12 in Axes
  6176 | D:8      | Reached ** piety under Makhleb
  6246 | D:8      | Killed from afar by an electric eel

Vault maps used:
D:1:      dpeg_arrival_erosion
D:2:      nicolae_overflow_hidden_temple, uniq_crazy_yiuf_cottage
D:3:      uniq_grinder, uniq_terence
D:4:      first_ration, minivault_24
D:5:      minmay_misc_feat_columns, cheibrodos_worm_habitat
D:6:      kennysheep_generic_room_15
D:7:      minmay_temple_entry_statues_pillars, grunt_livestock,
          yredelemnul_altar_generic, uniq_duvessa
D:8:      cheibrodos_two_vegetables, serial_glass, glass_columns_a,
          glass_columns_b, glass_columns_a, glass_columns_c, glass_columns_b,
          glass_columns_b, glass_columns_b, glass_columns_a, glass_columns_a,
          glass_columns_a, glass_columns_a, glass_columns_a, glass_columns_a,
          glass_columns_a, feat_on_display, item_on_display_a,
          minmay_strange_pillars, uniq_gastronok
Temple:   dpeg_three_leaves_temple

Skill      XL: |  1  2  3  4  5  6  7  8  9 10 |
---------------+-------------------------------+-----
Fighting       | 3 4 5 6 |  6.4
Armour         | 4 5 6 |  6.9
Shields        | 4 5 6 8 |  8.0
Axes           | 3 4 5 7 9 11 12 | 12.4
Dodging        | 1 2 3 4 |  4.5
Throwing       | 1 |  1.0
Stealth        | 1 |  1.2
Evocations     | 1 |  1.6

Action                   |  1- 3 |  4- 6 |  7- 9 | 10-12 || total
-------------------------+-------+-------+-------+-------++-------
Melee: War axe           |   124 |   107 |   295 |   159 ||   685
Throw: Javelin           |     1 |    13 |    23 |       ||    37
 Abil: Heal Wounds       |     2 |     2 |     8 |    12 ||    24
Evoke: Wand              |       |       |     1 |       ||     1
  Use: Scroll            |       |     7 |     8 |       ||    15
       Potion            |       |       |     1 |       ||     1
  Eat: Chunk             |     2 |     4 |     9 |     3 ||    18
Armor: Scale mail        |    68 |    39 |   114 |    39 ||   260
       Chain mail        |       |       |       |    17 ||    17
Dodge: Dodged            |    38 |    22 |    96 |    51 ||   207
Block: Shield            |    69 |    48 |   220 |    89 ||   426

Table legend:
 A = Spawn XP
 B = Non-spawn XP
 C = Spawn XP percentage of total XP
 D = Spawn monster count
 E = Non-spawn monster count
 F = Spawn count percentage of total count
 G = Total turns spent on level
                    A         B        C        D         E        F      G
               +---------+---------+-------+---------+---------+-------+---------
         Total |       0 |    9547 |   0.0 |       0 |     187 |   0.0 |  6246
               +---------+---------+-------+---------+---------+-------+---------
           D:1 |       0 |      20 |   0.0 |       0 |      13 |   0.0 |   484
           D:2 |       0 |     117 |   0.0 |       0 |      21 |   0.0 |   902
           D:3 |       0 |     482 |   0.0 |       0 |      21 |   0.0 |   960
           D:4 |       0 |     200 |   0.0 |       0 |      19 |   0.0 |  1014
           D:5 |       0 |     632 |   0.0 |       0 |      18 |   0.0 |   549
           D:6 |       0 |     712 |   0.0 |       0 |      25 |   0.0 |   484
           D:7 |       0 |    2197 |   0.0 |       0 |      28 |   0.0 |   858
           D:8 |       0 |    5187 |   0.0 |       0 |      42 |   0.0 |   963
               +---------+---------+-------+---------+---------+-------+---------
